Map: Ice and Chrome LE

Players

LiquidClem (Clem)

  • Race: Terran Terran
  • Spawn Location: 7:00

cure - Winner!

  • Race: Terran Terran
  • Spawn Location: 1:00

Event: StayAtHomestory Cup #2

VOD

Have the link to the VOD?

Description

Time

  • Played on: June 12, 2020, 1:55 p.m.
  • Length: 20:56

All games in this series

Show
View Real Time Build Order
Export as new Build Order

LiquidClem Terran 

Build Orders:  

Get SALT Encoding   

  12  0:00  SCV  
  13  0:12  SCV  
  14  0:16  Supply Depot  
  14  0:24  SCV  
  14  0:27  Refinery  
  15  0:38  SCV  
  16  0:43  Barracks  
  16  0:50  SCV  
  17  1:02  SCV  
  18  1:14  SCV  
  19  1:29  Orbital Command  
  19  1:30  Reaper  
  20  1:49  Bunker  
  20  1:51  Factory  
  20  1:52  Bunker  
  20  1:56  SCV  
  20  2:01  Supply Depot  
  21  2:02  Marine  
  21  2:08  SCV  
  22  2:19  Marine  
  22  2:22  SCV  
  23  2:35  SCV, Hellion  
  26  2:37  Starport  
  26  2:38  Marine  
  27  2:44  Supply Depot  
  27  2:47  SCV  
  28  2:56  Hellion  
  30  3:00  SCV  
  31  3:07  Barracks Tech Lab  
  31  3:16  Command Center  
  31  3:21  SCV  
  31  3:25  Refinery  
  32  3:29  Hellion  
  34  3:34  SCV  
  34  3:39  Supply Depot  
  34  3:46  Raven  
  34  3:47  SCV  
  37  3:57  Marine  
  37  3:59  SCV, Factory Tech Lab  
  37  4:01  Supply Depot  
  39  4:11  SCV  
  40  4:18  Cyclone, Marine  
  40  4:23  SCV  
  45  4:34  Refinery  
  45  4:36  SCV  
  45  4:37  Command Center  
  46  4:41  Marine  
  42  4:48  SCV  
  42  4:50  Orbital Command  
  43  4:55  Siege Tank  
  45  5:00  SCV  
  46  5:07  Raven  
  46  5:12  SCV  
  46  5:14  Barracks Reactor  
  49  5:16  SCV  
  49  5:21  Supply Depot  
  50  5:24  SCV  
  54  5:28  SCV, Siege Tank  
  55  5:36  SCV  
  55  5:40  SCV  
  57  5:45  Supply Depot  
  57  5:48  SCV  
  58  5:53  SCV  
  58  5:56  Orbital Command  
  59  6:00  SCV  
  59  6:03  Starport Reactor  
  60  6:04  Barracks  
  60  6:05  SCV, Stimpack, Marine  
  60  6:06  Barracks  
  60  6:08  Siege Tank  
  65  6:12  SCV  
  65  6:14  Refinery  
  65  6:17  SCV  
  67  6:20  Engineering Bay  
  67  6:21  Engineering Bay  
  67  6:23  SCV  
  67  6:24  SCV  
  69  6:26  Marine  
  69  6:29  SCV  
  71  6:34  Supply Depot  
  71  6:36  Orbital Command  
  71  6:37  SCV  
  72  6:42  SCV, Barracks x2  
  72  6:44  Marine  
  72  6:46  Siege Tank  
  77  6:49  Starport Reactor  
  77  6:51  SCV  
  77  6:53  Terran Infantry Weapons Level 1, Terran Infantry Armor Level 1  
  78  6:56  Marine x2  
  78  7:00  SCV, Supply Depot  
  81  7:02  SCV  
  81  7:03  Marine  
  81  7:04  Marine  
  81  7:05  SCV  
  86  7:12  SCV, Orbital Command  
  86  7:14  SCV, Marine  
  90  7:16  Marauder  
  90  7:19  SCV, Supply Depot  
  91  7:24  SCV, Refinery, Marine x2  
  91  7:25  Refinery  
  91  7:31  SCV  
  91  7:32  Marine  
  91  7:36  SCV  
  96  7:37  Marauder  
  96  7:38  SCV  
  96  7:42  Barracks Tech Lab x2  
  96  7:43  SCV  
  98  7:46  Siege Tank  
  98  7:50  SCV  
  102  7:52  Supply Depot  
  102  7:53  SCV  
  102  7:54  Combat Shield  
  102  7:58  Medivac x2  
  105  8:00  SCV  
  105  8:02  SCV  
  105  8:03  Supply Depot  
  105  8:05  Concussive Shells  
  109  8:07  Marauder x2  
  109  8:11  Marauder  
  109  8:12  SCV x2  
  117  8:14  Supply Depot  
  117  8:15  SCV  
  117  8:19  Marine x4  
  122  8:20  Refinery  
  122  8:22  Siege Tank  
  122  8:26  Armory, Supply Depot  
  125  8:27  SCV x3  
  130  8:34  Marauder  
  130  8:39  SCV  
  128  8:41  Marauder  
  128  8:42  Marine x2  
  128  8:45  Marauder  
  128  8:46  Command Center  
  133  8:49  Marine x2  
  133  8:52  Medivac  
  133  8:55  SCV, Supply Depot, Marauder  
  138  9:02  Siege Tank  
  139  9:03  SCV, Marauder  
  139  9:07  Marauder  
  144  9:11  Marine x2, Sensor Tower  
  144  9:12  Marine  
  144  9:13  Medivac  
  144  9:14  Terran Infantry Weapons Level 2  
  151  9:17  Marauder  
  151  9:18  Terran Infantry Armor Level 2  
  151  9:21  Marine  
  148  9:24  Marauder  
  148  9:27  SCV x2  
  148  9:28  Marauder  
  140  9:33  Marine  
  140  9:35  Widow Mine  
  140  9:36  Marine  
  134  9:38  Marauder  
  134  9:43  Marine  
  134  9:44  SCV  
  132  9:46  Marauder  
  132  9:48  Marine  
  132  9:49  Medivac, Marauder  
  132  9:50  Medivac  
  132  9:51  Marine  
  142  9:54  Marine  
  142  9:59  Marauder  
  142  10:00  Barracks  
  142  10:01  Marine, Barracks  
  142  10:03  Barracks  
  145  10:07  Marauder  
  145  10:09  SCV  
  145  10:11  Marauder  
  145  10:12  Siege Tank  
  151  10:15  Supply Depot  
  151  10:17  Marine x2  
  151  10:21  Marauder, Marine x2  
  155  10:26  Orbital Command  
  155  10:27  SCV  
  160  10:28  Marauder  
  160  10:32  Marauder  
  160  10:33  Refinery x2  
  160  10:36  Terran Vehicle Weapons Level 1, Marine x2  
  160  10:39  Medivac  
  160  10:40  Medivac  
  160  10:42  SCV, Marauder  
  169  10:48  SCV  
  172  10:50  Marauder  
  172  10:51  Barracks Tech Lab x2  
  172  10:52  Barracks Tech Lab  
  172  10:54  Marauder  
  172  10:55  Barracks Reactor  
  172  10:56  Supply Depot  
  174  11:00  Command Center  
  174  11:02  SCV x2  
  176  11:04  Supply Depot  
  176  11:06  Siege Tank  
  179  11:23  Marauder  
  179  11:24  Starport x2  
  181  11:26  Starport  
  181  11:27  Marauder  
  183  11:33  Marauder, Marine, Barracks Tech Lab  
  183  11:35  Marauder  
  187  11:42  Command Center  
  187  11:43  Missile Turret  
  187  11:44  Command Center x2  
  187  11:51  Marauder  
  187  11:53  Marauder  
  191  11:58  Marine  
  191  11:59  Marauder  
  194  12:02  Terran Infantry Weapons Level 3  
  194  12:03  Terran Infantry Armor Level 3  
  194  12:07  Starport Tech Lab x2  
  194  12:12  SCV, Command Center  
  194  12:14  SCV  
  196  12:16  Refinery  
  196  12:22  Marauder  
  198  12:28  Raven x2  
  198  12:29  Corvid Reactor  
  199  12:42  Barracks x2  
  199  12:44  Refinery  
  199  12:46  Terran Vehicle And Ship Armor Level 1  
  199  12:49  Planetary Fortress  
  199  12:56  Raven  
  199  12:57  Marauder x2, Marine  
  199  12:58  Marauder x2, Siege Tank  
  193  13:04  Marauder  
  197  13:06  Orbital Command x2  
  197  13:10  Raven  
  200  13:16  Raven  
  195  13:36  Marauder, Marine  
  195  13:37  Siege Tank  
  195  13:38  Marauder x2, Marine  
  195  13:39  Raven, Marine x3  
  195  13:40  Marine x2  
  195  13:41  Marauder x2  
  186  13:45  Medivac x2  
  190  13:51  Orbital Command  
  190  13:52  Missile Turret, Marine  
  190  13:53  Raven, Command Center  
  193  13:58  Raven, Marauder  
  193  13:59  Marauder, Orbital Command  
  193  14:01  Marine  
  200  14:10  Marauder  
  200  14:22  Raven  
  189  14:25  Marauder, Siege Tank  
  189  14:28  Marauder  
  189  14:29  Marauder x2  
  148  14:31  Marauder  
  148  14:33  Marine  
  148  14:34  SCV x3, Marine  
  148  14:36  SCV x4, Raven  
  148  14:37  Marine x3  
  133  14:38  Medivac  
  133  14:39  Marine x2  
  133  14:41  Raven  
  133  14:43  Marine  
  133  14:44  SCV  
  129  14:46  SCV x2, Marauder  
  129  14:49  Marauder  
  129  14:50  Medivac  
  129  14:51  Marauder x2  
  139  14:53  SCV  
  139  14:56  Marauder  
  139  14:58  Marine x2  
  136  15:00  SCV  
  136  15:01  SCV  
  136  15:04  Raven  
  136  15:05  Refinery  
  138  15:07  Planetary Fortress, Marauder  
  138  15:10  Refinery  
  138  15:11  Marauder  
  138  15:12  Marauder  
  144  15:17  SCV  
  144  15:18  SCV, Orbital Command  
  144  15:19  Raven  
  148  15:27  Marauder x2, Marine x3  
  148  15:28  Marine, Sensor Tower  
  156  15:29  Marauder  
  156  15:30  Marine x2  
  156  15:31  Marine  
  156  15:32  Marauder  
  156  15:33  SCV  
  156  15:35  SCV  
  165  15:36  Marauder  
  165  15:39  SCV, Marine  
  167  15:45  Marine  
  167  15:47  SCV  
  167  15:49  Marauder x2  
  169  15:50  Marauder  
  169  15:51  SCV  
  169  15:52  Marine x2  
  169  15:53  Marauder  
  175  15:58  Raven, Marauder  
  179  16:04  Medivac x2  
  179  16:05  Marine x2  
  179  16:10  Marauder x2  
  189  16:12  Marauder  
  189  16:14  Siege Tank  
  189  16:15  Marauder  
  196  16:20  Terran Vehicle And Ship Armor Level 2  
  196  16:25  Marauder, Marine  
  198  16:26  Marine  
  200  16:37  Command Center  
  200  16:40  Barracks Tech Lab x2  
  200  16:59  Starport  
  200  17:00  Starport  
  200  17:01  Fusion Core  
  200  17:02  Armory  
  200  17:14  Command Center  
  200  17:16  Command Center  
  200  17:17  Hi-Sec Auto Tracking, Neosteel Armor  
  200  17:37  Factory  
  200  17:56  Siege Tank  
  200  17:57  Marauder, Marine x2  
  191  18:15  Raven  
  191  18:16  Raven  
  191  18:18  Marauder, Marine  
  191  18:19  Marine  
  168  18:23  Marauder, Marine  
  168  18:25  Liberator  
  168  18:26  Liberator x3  
  155  18:28  Factory Tech Lab, Siege Tank  
  155  18:29  Marauder x2, Marine x4  
  155  18:30  Marauder x2  
  155  18:33  Medivac  
  172  18:36  Terran Ship Weapons Level 1, Marine  
  172  18:40  Marauder  
  175  18:43  Marine x2  
  175  18:48  Marauder x2, Marine x2  
  186  18:49  Marine  
  186  18:50  Marine  
  186  18:51  Marauder x2  
  186  18:53  Orbital Command  
  186  18:54  Planetary Fortress  
  192  18:57  Refinery, Missile Turret, Raven  
  192  18:59  Raven, Refinery  
  192  19:00  Orbital Command x2, Siege Tank  
  199  19:08  Marauder, Marine  
  200  19:11  Marauder, Marine  
  200  19:12  Marine  
  186  19:23  Marauder x4, Marine x3  
  186  19:24  Marauder  
  180  19:26  Raven  
  180  19:28  Marine  
  180  19:29  Marine  
  180  19:30  Marauder  
  181  19:32  Siege Tank  
  181  19:36  Orbital Command  
  161  19:40  Marine  
  161  19:41  Marauder  
  161  19:42  Liberator  
  161  19:43  Marine x3  
  161  19:44  Marauder  
  161  19:45  Marauder  
  121  19:49  Marine x2  
  121  19:51  Viking  
  116  19:55  Marauder  
  114  20:01  Liberator x4  
  114  20:02  Marauder, Marine x2  
  114  20:04  Marauder, Marine x2, Siege Tank  
  114  20:06  Marine  
  135  20:16  Marauder, Marine  
  135  20:17  Marauder, Marine x3  
  135  20:20  Marine  
  135  20:24  Marauder  
  135  20:25  Viking  
Show
View Real Time Build Order
Export as new Build Order

cure Terran - Winner!

Build Orders: Mech 

Get SALT Encoding   

  12  0:00  SCV  
  13  0:13  Supply Depot  
  13  0:17  SCV  
  14  0:37  Barracks  
  14  0:39  Refinery  
  14  0:54  Barracks  
  14  0:58  SCV  
  15  1:10  SCV  
  16  1:24  Reaper, Orbital Command  
  17  1:31  Refinery  
  17  1:41  Reaper  
  18  1:51  SCV  
  19  1:56  Supply Depot  
  19  2:00  Reaper  
  20  2:05  SCV  
  20  2:13  Reaper  
  21  2:17  SCV  
  21  2:30  SCV  
  21  2:35  Factory  
  22  2:40  Reaper  
  22  2:42  SCV  
  24  2:47  Reaper  
  25  2:54  SCV  
  26  2:59  Supply Depot  
  26  3:06  SCV  
  28  3:12  Reaper  
  28  3:18  SCV  
  28  3:19  Factory Tech Lab  
  29  3:29  Command Center  
  29  3:33  SCV  
  30  3:39  Cyclone  
  33  3:46  Supply Depot  
  33  3:48  SCV  
  34  3:55  Mag-Field Accelerator  
  34  4:00  SCV  
  35  4:07  Factory  
  35  4:13  Cyclone  
  35  4:15  SCV  
  39  4:27  SCV  
  40  4:34  Refinery  
  40  4:39  SCV  
  40  4:45  Cyclone  
  43  4:52  SCV, Orbital Command  
  41  4:53  Factory Tech Lab  
  39  5:04  SCV  
  37  5:14  Cyclone  
  37  5:16  SCV  
  41  5:21  Cyclone  
  41  5:23  SCV  
  41  5:25  Command Center  
  45  5:29  SCV  
  45  5:32  Refinery  
  45  5:35  SCV  
  47  5:41  SCV  
  48  5:43  Factory  
  48  5:46  Cyclone  
  48  5:48  SCV  
  51  5:53  SCV  
  52  5:59  Cyclone  
  52  6:00  SCV  
  55  6:05  SCV  
  56  6:12  SCV  
  56  6:18  SCV  
  58  6:19  Hellion  
  58  6:23  Armory  
  58  6:24  Armory, SCV  
  61  6:28  Factory Reactor  
  61  6:30  SCV  
  62  6:35  Supply Depot  
  62  6:37  SCV, Hellion, Orbital Command  
  65  6:42  SCV  
  66  6:48  Starport  
  66  6:49  SCV  
  66  6:50  Siege Tank  
  70  6:56  SCV, Supply Depot  
  70  7:01  SCV  
  72  7:02  SCV  
  72  7:05  Siege Tank  
  72  7:08  SCV  
  77  7:13  SCV  
  77  7:14  SCV  
  77  7:15  Terran Vehicle Weapons Level 1  
  79  7:18  Refinery x2  
  79  7:20  SCV  
  79  7:22  Siege Tank  
  83  7:25  SCV  
  84  7:31  Hellion  
  84  7:32  Hellion  
  84  7:33  Starport Reactor, Terran Vehicle And Ship Armor Level 1  
  84  7:35  Supply Depot  
  88  7:38  SCV x2  
  88  7:39  SCV  
  88  7:43  Supply Depot  
  88  7:44  Supply Depot  
  91  7:50  SCV x2  
  93  7:57  SCV, Siege Tank x2  
  100  8:04  SCV  
  100  8:05  SCV  
  106  8:07  Supply Depot  
  106  8:09  SCV, Supply Depot  
  103  8:15  Viking  
  103  8:16  Factory  
  103  8:17  Factory  
  103  8:18  Viking  
  103  8:19  SCV  
  108  8:22  SCV  
  108  8:23  SCV  
  110  8:31  SCV, Engineering Bay  
  111  8:34  SCV, Supply Depot  
  111  8:35  SCV  
  107  8:41  Siege Tank  
  107  8:42  Hellion x2, Siege Tank  
  117  8:50  Viking x2  
  117  8:51  Supply Depot  
  117  8:53  SCV x2  
  117  8:54  SCV  
  124  9:03  Factory Tech Lab  
  124  9:04  Factory Reactor  
  124  9:11  Hellion x2, Terran Vehicle Weapons Level 2  
  124  9:14  Siege Tank x2  
  134  9:18  Missile Turret  
  134  9:21  Missile Turret  
  134  9:25  Missile Turret  
  134  9:31  Siege Tank  
  119  9:33  Viking x2  
  112  9:46  Siege Tank  
  112  9:47  SCV x3  
  119  9:52  Siege Tank  
  119  9:53  Hellion x2  
  119  9:58  Sensor Tower  
  123  10:04  Command Center  
  123  10:07  Terran Vehicle And Ship Armor Level 2  
  123  10:13  Missile Turret  
  123  10:15  Missile Turret  
  123  10:17  Infernal Pre-Igniter  
  123  10:19  Missile Turret  
  119  10:34  Siege Tank x2  
  119  10:35  Hellion x3  
  133  10:36  Viking, Hellion  
  133  10:38  Viking  
  137  10:45  SCV  
  137  10:46  SCV x2  
  140  10:59  Factory  
  140  11:00  Supply Depot, Factory, Hellion x2  
  140  11:01  Hellion x2, Supply Depot x2  
  140  11:02  Factory  
  148  11:04  SCV  
  149  11:14  SCV x2  
  149  11:15  Thor  
  153  11:22  Missile Turret x2  
  151  11:25  Thor  
  151  11:26  Missile Turret  
  151  11:28  Hellion  
  159  11:44  Missile Turret, Thor, Factory Tech Lab  
  159  11:45  Factory Tech Lab  
  165  11:49  Planetary Fortress  
  165  11:55  Refinery  
  165  11:57  Refinery  
  165  12:00  Thor  
  165  12:01  Factory Reactor, Command Center  
  171  12:05  Supply Depot  
  171  12:18  Sensor Tower  
  171  12:19  Missile Turret  
  171  12:22  Command Center, Missile Turret, Thor  
  177  12:33  Hellion x2, Siege Tank x2  
  187  12:45  Thor  
  187  12:46  Hellion  
  195  12:53  Hellion x3  
  195  12:55  Siege Tank  
  191  13:00  Hellion x2  
  195  13:12  Siege Tank  
  198  13:21  Hellion  
  198  13:34  Hellion x2, Siege Tank  
  198  13:36  Hellion, Siege Tank x2  
  198  13:37  Hellion x2  
  189  13:45  Command Center  
  189  13:46  Refinery, Command Center, Siege Tank x2  
  189  13:47  Hellion, Refinery  
  197  13:49  Orbital Command  
  197  13:54  Terran Vehicle Weapons Level 3  
  197  14:03  Terran Vehicle And Ship Armor Level 3  
  197  14:24  Hellion x3, Siege Tank  
  200  14:25  Hellion  
  163  14:31  Hellion x2, Siege Tank x2  
  163  14:32  Hellion x2  
  138  14:45  Hellion x2  
  117  14:53  Siege Tank x2  
  117  14:57  Siege Tank  
  117  14:58  Hellion  
  123  15:02  Planetary Fortress  
  123  15:03  Siege Tank x2  
  123  15:06  Orbital Command x2  
  129  15:17  Sensor Tower  
  129  15:19  Missile Turret  
  129  15:21  Hellion  
  129  15:25  Thor, Siege Tank  
  140  15:29  Siege Tank  
  143  15:36  Thor  
  143  15:41  Viking x2  
  149  15:43  Hellion x2, Siege Tank  
  149  15:45  Hellion  
  149  15:48  Drilling Claws  
  149  15:49  Smart Servos  
  150  15:57  Thor  
  150  16:11  Viking x2  
  150  16:12  Thor x2  
  150  16:14  Thor  
  150  16:15  Hellion  
  174  16:31  Terran Ship Weapons Level 1, Starport  
  174  16:33  Thor  
  174  16:34  Hellion x2  
  182  16:40  Siege Tank  
  182  16:43  Widow Mine x2  
  189  16:54  Command Center  
  189  16:55  Missile Turret x2, Widow Mine  
  189  16:56  Widow Mine  
  189  16:57  Hellion x2, Widow Mine  
  199  17:12  Starport Reactor  
  199  17:19  Command Center  
  199  17:28  Missile Turret  
  197  17:40  Siege Tank  
  197  17:56  Thor, Siege Tank  
  198  18:01  Widow Mine  
  200  18:07  Command Center  
  196  18:15  Viking x2  
  196  18:16  Hellion x4, Siege Tank x3  
  178  18:23  Hellion x2  
  166  18:27  Viking x2  
  166  18:28  Siege Tank  
  173  18:37  Widow Mine  
  173  18:38  Hellion, Widow Mine x2  
  173  18:39  Siege Tank  
  184  18:44  Widow Mine x2  
  184  18:48  Siege Tank x3  
  196  18:59  Widow Mine x2  
  200  19:08  Widow Mine  
  200  19:11  Viking  
  200  19:14  Refinery  
  200  19:16  Refinery, Siege Tank  
  200  19:17  Widow Mine, Siege Tank  
  200  19:19  Viking x2  
  200  19:20  Siege Tank  
  198  19:29  Widow Mine  
  195  19:38  Widow Mine x2, Siege Tank  
  195  19:39  Widow Mine  
  195  19:40  Viking, Thor  
  195  19:41  Viking, Hellion x2  
  182  19:48  Thor  
  182  19:49  Viking, Siege Tank  
  182  19:51  Widow Mine  
  182  19:52  Siege Tank  
  187  19:55  Planetary Fortress  
  185  20:00  Widow Mine  
  185  20:03  Viking  
  185  20:10  Viking  
  185  20:11  Siege Tank  
  185  20:12  Hellion x3, Widow Mine  
  185  20:22  Viking x2  
  195  20:34  Command Center  
Tags
 
Add a new tag
Caveats
  • Supply blocks, unpowered buildings, or Contaminate may cause inaccurate times.
  • Supply counts are checked every 10 seconds.